 Dungeon Crawl Stone Soup version 0.18-a0-705-g580043c (webtiles) character file.

1237 4thArraOfDagon the Cleaver (level 8, 0/115 HPs)
             Began as a Hill Orc Gladiator on Dec 7, 2015.
             Was a Believer of Okawaru.
             Slain by an orc warrior
             ... wielding a +0 glaive
              (6 damage)
             ... in a bailey.
             The game lasted 00:15:00 (2264 turns).

4thArraOfDagon the Cleaver (Hill Orc Gladiator)     Turns: 2264, Time: 00:15:00

Health: 0/115      AC: 20    Str: 23    XL:     8   Next: 49%
Magic:  11/12      EV: 10    Int: 10    God:    Okawaru [**....]
Gold:   301        SH:  0    Dex: 11    Spells: 0 memorised, 7 levels left

rFire  . . .     SeeInvis +     a - +0 war axe
rCold  . . .     Clarity  +     p - +0 plate armour (curse)
rNeg   . . .     SustAt   .     (no shield)
rPois  .         Gourm    .     c - +0 helmet
rElec  .         Spirit   .     (no cloak)
rCorr  .         Dismiss  .     (no gloves)
rMut   .         Stasis   .     k - +0 pair of boots
MR     .....                    (no amulet)
Stlth  ..........               o - +3 ring of protection
                                h - ring of see invisible

@: berserking, heroism, very quick, not resistant to hostile enchantments,
extremely unstealthy
A: clarity, robust 1
a: Heroism, Renounce Religion


You were in a bailey.
You worshipped Okawaru.
Okawaru was pleased with you.
You were hungry.

You visited 1 branch of the dungeon, and saw 8 of its levels.
You also visited: Bailey.

You collected 321 gold pieces.
You spent 20 gold pieces at shops.

Inventory:

Hand Weapons
 a - a +0 war axe (weapon)
Armour
 c - a +0 helmet (worn)
 k - a +0 pair of boots (worn)
 p - a cursed +0 plate armour (worn)
Jewellery
 h - a ring of see invisible (left hand)
 i - an uncursed ring of sustain attributes
 o - a +3 ring of protection (right hand)
 u - an uncursed ring of stealth
Wands
 m - a wand of slowing (5)
Scrolls
 g - 3 scrolls of identify
 l - 2 scrolls of remove curse
 r - a scroll of blinking
 s - 2 scrolls of fog
 t - a scroll of enchant armour
Potions
 w - a potion of haste
Books
 d - a book of Minor Magic

   Spells                             Type                      Level
   a - Magic Dart                     Conjuration                  1
   b - Blink                          Translocation                2
   c - Call Imp                       Summoning                    2
   d - Repel Missiles                 Charms/Air                   2
   e - Slow                           Hexes                        2
   f - Conjure Flame                  Conjuration/Fire             3
   g - Mephitic Cloud                 Conjuration/Poison/Air       3
 f - a book of Power

   Spells                             Type                      Level
   a - Fulminant Prism                Conjuration/Hexes            4
   b - Iskenderun's Mystic Blast      Conjuration                  4
   c - Venom Bolt                     Conjuration/Poison           5
   d - Bolt of Magma                  Conjuration/Fire/Earth       5
   e - Iron Shot                      Conjuration/Earth            6
   f - Orb of Destruction             Conjuration                  7
   g - Spellforged Servitor           Conjuration/Summoning        7
Comestibles
 b - 2 chunks of flesh
 e - 4 bread rations
 n - 3 meat rations
 x - a slice of pizza


   Skills:
 + Level 6.2(11.2) Fighting
 * Level 9.0(14.0) Axes
 - Level 1.7(6.7) Throwing
 + Level 4.4(9.4) Armour
 - Level 2.4(7.4) Dodging
 * Level 5.4 Invocations


You had 7 spell levels left.
You didn't know any spells.

Dungeon Overview and Level Annotations

Branches:
Dungeon (8/15)             Temple (0/1) D:4
   Lair: D:8-11

Altars:
Cheibriados
Okawaru
Pakellas
Trog

Shops:
D:6 [((:   D:7 *   D:8 [

Annotations:
D:3 Natasha
D:4 Pikel
D:5 Duffy's ghost, novice FoBe
D:8 Maurice


Innate Abilities, Weirdness & Mutations

You possess an exceptional clarity of mind.
You are robust (+10% HP).


Message History

You slice the orc warrior!!
You kill the orc warrior!
Okawaru accepts your kill.
Your Invocations skill increases to level 5!
You hit the orc warrior.
The orc warrior is severely wounded.
The orc warrior closely misses you.
The orc hits you from afar with a trident.
* * * LOW HITPOINT WARNING * * *
Unknown command.
Your plate armour prevents you from hitting the orc warrior.
The orc warrior is severely wounded.
The orc warrior barely misses you. The orc hits you but does no damage.
Unknown command.
You slice the orc warrior!!
You kill the orc warrior!
Okawaru accepts your kill.
Your base Axes skill increases to level 9!
The orc warrior hits you from afar with a glaive.
You die...

##.≈≈..# #. #∩.≈≈..# #+#.
#.≈≈..## ##.## #.≈..## ...#
#.≈.##.$$ ... #.≈.#####
######## #.≈..##### ##......o
#.≈≈≈≈≈≈≈####### ##..≈≈≈≈≈≈
#.........##@)o## ##..≈≈.....
########.##.)≈oo###o.≈≈..####
####...##...≈≈.....≈≈..##
##∩..#######..≈≈≈≈≈≈≈..##
#∩#### ##.........## ###
###########


You could see an orc warrior and 2 orcs.

Vanquished Creatures
  A wolf (D:7)
  2 orc warriors (Bailey)
  An ice beast (D:7)
  An ogre (D:6)
  2 giant frogs (D:6)
  3 wights (D:8)
  A hound (D:4)
  A jelly (D:5)
  An iguana (D:6)
  4 worker ants
  Ijyb (D:2)
  2 orc priests
  An orc wizard (D:6)
  A hound skeleton (D:4)
  5 gnolls (D:4)
  3 worker ant zombies
  6 adders
  3 giant geckos
  9 orcs
  A giant cockroach (D:7)
  3 goblins (D:2)
  3 hobgoblins
  2 jackals (D:5)
  2 quokkas
  A bat (D:2)
  A giant cockroach zombie (D:5)
  A giant gecko skeleton (D:7)
  6 giant newts
  2 kobolds (D:2)
  3 rats
73 creatures vanquished.

Notes
Turn   | Place    | Note
--------------------------------------------------------------
     0 | D:1      | 4thArraOfDagon the Hill Orc Gladiator began the quest for the Orb.
     0 | D:1      | Reached XP level 1. HP: 18/18 MP: 1/1
   126 | D:2      | Noticed Ijyb
   136 | D:2      | Reached XP level 2. HP: 24/26 MP: 2/2
   209 | D:2      | Killed Ijyb
   209 | D:2      | Reached skill level 1 in Armour
   209 | D:2      | Reached XP level 3. HP: 21/31 MP: 3/3
   257 | D:2      | Reached skill level 5 in Axes
   415 | D:2      | Found a bloodstained altar of Trog.
   514 | D:2      | Reached XP level 4. HP: 18/38 MP: 4/4
   630 | D:4      | Found an iron altar of Okawaru.
   669 | D:3      | Noticed Natasha
   724 | D:4      | Became a worshipper of Warmaster Okawaru
   761 | D:4      | Reached XP level 5. HP: 34/46 MP: 5/5
   814 | D:4      | Found a staircase to the Ecumenical Temple.
   836 | D:4      | Noticed a slave
   837 | D:4      | Noticed Pikel
   837 | D:4      | Noticed a slave
   903 | D:4      | Noticed a slave
   936 | D:5      | Entered Level 5 of the Dungeon
   971 | D:5      | Noticed Duffy's ghost (novice FoBe)
  1075 | D:5      | Reached skill level 6 in Axes
  1092 | D:5      | Found an oddly glowing altar of Pakellas.
  1188 | D:5      | Reached XP level 6. HP: 40/53 MP: 6/6
  1258 | D:6      | Reached * piety under Okawaru
  1258 | D:6      | Reached skill level 5 in Fighting
  1259 | D:6      | Reached skill level 7 in Axes
  1342 | D:6      | Found Voecob's Antique Armour Shoppe.
  1361 | D:6      | Reached skill level 1 in Invocations
  1361 | D:6      | Reached XP level 7. HP: 41/61 MP: 4/8
  1420 | D:6      | Found Tihuclick's Weapon Boutique.
  1450 | D:6      | Found Caohepi's Weapon Boutique.
  1734 | D:6      | Found Miallax's Book Boutique.
  1751 | D:6      | hmm k
  1836 | D:7      | Found Heuxeh's General Store.
  1839 | D:7      | Bought a scroll of identify for 20 gold pieces
  1848 | D:7      | Gained mutation: You possess an exceptional clarity of mind. [potion of beneficial mutation]
  1849 | D:7      | Gained mutation: You are robust (+10% HP). [potion of beneficial mutation]
  1916 | D:7      | Reached skill level 8 in Axes
  2008 | D:7      | Reached ** piety under Okawaru
  2008 | D:7      | Reached XP level 8. HP: 40/77 MP: 9/11
  2037 | D:8      | Noticed Maurice
  2134 | D:8      | Found Ybba Rei's Armour Shoppe.
  2145 | D:8      | Found a flagged portal.
  2147 | D:8      | Found a snail-covered altar of Cheibriados.
  2154 | Bailey   | Entered a bailey
  2217 | Bailey   | Noticed an orc knight
  2262 | Bailey   | Reached skill level 5 in Invocations
  2264 | Bailey   | Reached skill level 9 in Axes
  2264 | Bailey   | Slain by an orc warrior

Vault maps used:
D:1:      zaba_arrival_water, minmay_cut_off
D:2:      lightli_temple_of_fire, kennysheep_generic_room_9, uniq_iyjb
D:3:      first_bread, uniq_terence, uniq_natasha, uniq_grinder
D:4:      okawaru_gym_becter, minmay_temple_entry_butterflies,
          serial_bayou_ford_a, uniq_pikel
D:5:      lemuel_round_altar, johnstein_pakellas_death_squad
D:6:      serial_shops, shop_coins, nicolae_shop_behind_doors, shop_fountains,
          nicolae_shop_crystal, shop
D:7:      serial_shops, kennysheep_mini, st_stairs_12, nicolae_water_bricks,
          uniq_menkaure, uniq_duvessa
D:8:      nicolae_overflow_hidden_temple, david_lair_shrubbed, enter_bailey_2,
          serial_shops, shop, nicolae_shop_behind_doors, basic_altar,
          uniq_maurice, uniq_grum
Bailey:   bailey_polearm_1, bailey

Action                   |  1- 3 |  4- 6 |  7- 9 || total
-------------------------+-------+-------+-------++-------
Melee: War axe           |    59 |   130 |   138 ||   327
Throw: Throwing net      |     3 |     4 |     1 ||     8
Invok: Heroism           |       |     1 |     2 ||     3
Evoke: Wand              |       |       |     5 ||     5
  Use: Potion            |       |     5 |     4 ||     9
       Scroll            |       |     4 |     4 ||     8
 Stab: Held in net/web   |       |     2 |       ||     2
  Eat: Chunk             |       |     1 |     4 ||     5
